 Dungeon Crawl Stone Soup version 0.28.0-1-gb440e238dd (webtiles) character file.

Game seed: 4064553319018462213

74 SnakkuSnakku7 the Firebug (level 4, 30/30 HPs)
             Began as a Demonspawn Fire Elementalist on Feb 19, 2022.
             Quit the game on level 2 of the Dungeon.
             The game lasted 00:02:56 (1315 turns).

SnakkuSnakku7 the Firebug (DsFE)                    Turns: 1315, Time: 00:02:56

Health: 30/30      AC:  2    Str:  8    XL:     4   Next: 9%
Magic:  2/7        EV: 12    Int: 18    God:
Gold:   94         SH:  0    Dex: 14    Spells: 4/7 levels left

rFire   + . .      SeeInvis .   a - staff of fire
rCold   . . .      Faith    .   (no shield)
rNeg    . . .      Spirit   .   e - +0 robe
rPois   .          Reflect  .   (helmet restricted)
rElec   .          Harm     .   (no cloak)
rCorr   .          Rampage  .   (no gloves)
Will    .....                   (no boots)
Stlth   ++........              (no amulet)
HPRegen 0.10/turn               (no ring)
MPRegen 0.10/turn               (no ring)

@: no status effects
A: antennae 1, demonic guardian 1, demonic magic 1
a: no special abilities


You were on level 2 of the Dungeon.
You visited 1 branch of the dungeon, and saw 2 of its levels.

You collected 94 gold pieces.

Inventory:

Hand Weapons
 b - a +2 dagger of venom
Armour
 e - a +0 robe (worn)
Magical Staves
 a - a staff of fire (weapon)
Scrolls
 c - a scroll of magic mapping {unknown}
 d - a scroll of torment {unknown}
 g - a scroll of identify {unknown}
Potions
 f - a potion of might {unknown}
 h - a potion of degeneration {unknown}


   Skills:
 - Level 1.7 Dodging
 - Level 1.7 Stealth
 - Level 2.0 Spellcasting
 + Level 2.8 Conjurations
 + Level 3.7 Fire Magic


You had 4 spell levels left.
You knew the following spells:

 Your Spells              Type           Power      Damage    Failure   Level
a - Foxfire               Conj/Fire      80%        2x1d8     4%          1
b - Scorch                Fire           44%        2d7       6%          2

Your spell library contained the following spells:

 Spells                   Type           Power      Damage    Failure   Level
 Conjure Flame            Conj/Fire      20%        6-21      14%         3
 Inner Flame              Hex/Fire       12%        N/A       26%         3
 Flame Wave               Conj/Fire      20%        2d7       43%         4


Dungeon Overview and Level Annotations

Branches:
Dungeon (2/15)

Altars:


Innate Abilities, Weirdness & Mutations

You have a pair of small antennae on your head.
A weak demonic guardian rushes to your aid.
Spells you cast may paralyse adjacent enemies.


Message History

The worm's fire resistance burns away.
Malevolent energies surge around you.
Unknown command.
Casting: Scorch (safe; 7% risk of failure)
Press: ? - help, Q - select action, (/) - cycle Dir - look around, f - activate You feel a surge of power!
Flames lash the worm.
The worm is burned terribly!
The worm is almost dead.
Malevolent energies surge around you.
Unknown command.
Casting: Scorch (safe; 7% risk of failure)
Confirm with . or Enter, or press ? or * to list all spells.
You feel a surge of power!
You conjure some foxfire!
Malevolent energies surge around you.
The foxfire hits the worm!
The worm is burned terribly!
You kill the worm!
You see here a worm corpse.
You start resting.
A frilled lizard comes into view.
A frilled lizard is nearby!
Casting: Scorch (safe; 7% risk of failure)
Press: ? - help, Q - select action, (/) - cycle Dir - look around, f - activate You feel a surge of power!
Flames lash the frilled lizard.
You kill the frilled lizard!
Malevolent energies surge around you.
Unknown command.
You see here a frilled lizard corpse.
Jessica the Apprentice Sorceress comes into view.
She is wielding a +0 dagger.
Jessica shouts!
Jessica shouts, "You're disturbing me!
I'll have to kill you!"
Jessica is nearby!
Jessica is nearby!
Jessica is nearby!
Casting: Scorch (safe; 6% risk of failure)
Press: ? - help, Q - select action, (/) - cycle Dir - look around, f - activate You feel a surge of power!
Flames lash Jessica.
You kill Jessica!
Malevolent energies surge around you.
You have reached level 4!
You feel agile.
Your demonic ancestry asserts itself...
You feel the presence of a demonic guardian.
Are you sure you want to abandon this character and quit the game? (Confirm with "yes".)

#.# ######[#
#..#### #.# #.#
#...... #.#
#########.###...##.
#.#
#.............#....
##†##
#.########.##...##.
##...## #.#
#.##..###. #.###.##
#)# #.##..# #. .##
##.########^######
#.##..# #> .#
#..........@....#
#.##..# #. .##
##.########.####.#
#.##..# #. #.###.##
#.# ....... ##...##
#.. ..# ##### ####


There were no monsters in sight!

Vanquished Creatures
  Jessica (D:2)
  An adder (D:2)
  3 worms (D:2)
  4 ball pythons
  2 endoplasms
  A giant cockroach (D:1)
  4 goblins
  4 hobgoblins
  A quokka (D:2)
  2 bats
  2 frilled lizards
  6 kobolds
31 creatures vanquished.

Vanquished Creatures (collateral kills)
  A foxfire (D:1)
1 creature vanquished.

Vanquished Creatures (others)
  31 foxfires
  A plant (D:1)
32 creatures vanquished.

Grand Total: 64 creatures vanquished

Notes
Turn   | Place    | Note
-------+----------+-------------------------------------------
     0 | D:1      | SnakkuSnakku7 the Demonspawn Fire Elementalist began the
                  | quest for the Orb.
     0 | D:1      | Reached XP level 1. HP: 13/13 MP: 3/3
   103 | D:1      | Found a faded altar of an unknown god.
   229 | D:1      | Reached skill level 3 in Fire Magic
   229 | D:1      | Gained mutation: Spells you cast may paralyse adjacent
                  | enemies. [demonic ancestry]
   229 | D:1      | Reached XP level 2. HP: 15/19 MP: 3/5
   706 | D:2      | Learned a level 2 spell: Scorch
   872 | D:2      | Gained mutation: You have a pair of small antennae on your
                  | head. [demonic ancestry]
   872 | D:2      | Reached XP level 3. HP: 19/24 MP: 1/6
  1311 | D:2      | Noticed Jessica
  1312 | D:2      | Killed Jessica
  1313 | D:2      | Gained mutation: A weak demonic guardian rushes to your
                  | aid. [demonic ancestry]
  1313 | D:2      | Reached XP level 4. HP: 30/30 MP: 2/7
  1315 | D:2      | Quit the game

Illustrated notes

Levels and vault maps discovered:
D:1:      amcnicky_arrival_gap_in_the_tavern_cellar, layout_basic,
          basic_ecumenical_altar, serial_bayou_lagoon_a
D:2:      layout_loops_ring, uniq_jessica

Skill      XL: |  1  2 |
---------------+-------+-----
Fire Magic     | 3 |  3.7
Conjurations   | 2 |  2.8
Dodging        | |  1.7
Stealth        | |  1.7
Spellcasting   | |  2.0

Action                   |  1- 3 |  4- 6 || total
-------------------------+-------+-------++-------
Melee: Dagger            |     9 |       ||     9
       Staff             |    12 |       ||    12
 Cast: Foxfire           |    21 |       ||    21
       Scorch            |    17 |       ||    17
 Stab: Paralysed         |     1 |       ||     1
       Sleeping          |     1 |       ||     1
Armor: Robe              |     9 |       ||     9
Dodge: Dodged            |    21 |       ||    21
